AoeStats
← romagus92

Arabia

508100320Analyzed
1v1 RM · 12d ago on Sep 20, 2026· 42m 42s· 2 players
Game mode
Random Map
Map size
Tiny (2 player)
Population
200
Speed
Normal
Resources
Standard
Victory
Conquest
Starting age
Dark Age
Ending age
Imperial Age
RankedLock teamsTeams togetherTeam positionsShared explorationLock speedFull tech treeHidden civsTurbo modeCheats
Victory
Defeat
🇵🇾 Maya · Paraguay
965
+17
987
-17
romagus92
0:26 Loom
10:48 Feudal Age
11:30 Double-Bit Axe
14:27 Fletching
15:55 Gold Mining
18:34 Horse Collar
20:13 Wheelbarrow
19:52 Stone Mining
23:42 Castle Age
22:21 Wheelbarrow
22:17 Padded Archer Armor
23:57 Crossbowman
24:44 Thumb Ring
25:02 Bodkin Arrow
25:25 Leather Archer Armor
25:32 Bow Saw
29:39 Ballistics
29:37 Hand Cart
35:43 Forging
35:34 Scale Mail Armor
39:29 Imperial Age
39:53 Arbalester
40:37 Bracer
41:08 Ring Archer Armor
41:56 Chemistry
43:40 Conscription
§.•°•×TG132ו°•.§
8:00 Loom
10:45 Feudal Age
11:06 Horse Collar
20:17 Castle Age
19:21 Forging
21:02 Scale Barding Armor
21:58 Husbandry
22:45 Wheelbarrow
24:14 Hand Cart
24:06 Fletching
25:26 Scale Barding Armor
34:15 Town Watch
37:20 Ballistics
37:46 Treadmill Crane
38:20 Bodkin Arrow
39:23 Chain Barding Armor
40:05 Padded Archer Armor
41:25 Gold Mining
42:47 Gold Shaft Mining
Connection lost

Rejoining the realm…

Still unreachable

The connection could not be restored.

Session expired

The server has moved on; the page needs a fresh start.